 Dungeon Crawl Stone Soup version 0.27-a0-242-ge0fc76b88b (webtiles) character file.

Game seed: 4894593276136642012

89 dickylongcocking the Insei (level 4, 0/28 HPs)
             Began as an Octopode Transmuter on Feb 3, 2021.
             Was an Initiate of Gozag.
             Slain by Ijyb
             ... wielding a +1 dagger of venom
              (3 damage)
             ... on level 3 of the Dungeon.
             The game lasted 00:02:04 (2880 turns).

dickylongcocking the Insei (Octopode Transmuter)    Turns: 2880, Time: 00:02:06

Health: 0/28       AC:  1    Str:  9    XL:     4   Next: 55%
Magic:  6/7        EV: 13    Int: 16    God:    Gozag
Gold:   207        SH:  0    Dex: 12    Spells: 6/7 levels left

rFire    + . .     SeeInvis .     - Unarmed
rCold    + . .     Faith    .   (no shield)
rNeg     . . .     Spirit   .   (helmet currently unavailable)
rPois    +         Reflect  .   (no amulet)
rElec    +         Harm     .   (no ring)
rCorr    +         Rampage  .   (no ring)
Will     .....                  (no ring)
Stlth    ++........             (no ring)
HPRegen  0.09/turn              (no ring)
MPRegen  0.10/turn              (no ring)
                                (no ring)
                                (no ring)

@: lethally poisoned (0 -> -12), appendages, resistant, attractive
A: almost no armour, stealthy swim, amphibious, 8 rings, constrict 8, tentacle
spike 3, camouflage 1, gelatinous body 1
a: End Transformation, Renounce Religion, Potion Petition, Call Merchant, Bribe
Branch


You were on level 3 of the Dungeon.
You worshipped Gozag.
Gozag was aware of your devotion.
One of your tentacles had a temporary spike.
You visited 1 branch of the dungeon, and saw 3 of its levels.

You collected 230 gold pieces.
You paid 23 gold pieces to Gozag.

Inventory:

Jewellery
 b - an uncursed ring of flight {unknown}
Scrolls
 a - 2 scrolls of fog {unknown}
 c - a scroll of blinking {unknown}
 d - 3 scrolls of remove curse {unknown}
 e - 3 scrolls of identify {unknown}
 f - a scroll of enchant weapon {unknown}
 g - a scroll of teleportation {unknown}
 j - 2 scrolls of enchant armour {unknown}
 k - a scroll of fear {unknown}
Potions
 h - a potion of curing {unknown}
 l - a potion of attraction
 m - a potion of flight {unknown}


   Skills:
 * Level 1.5 Fighting
 - Level 2.0 Dodging
 * Level 5.0 Unarmed Combat
 - Level 2.0 Spellcasting
 - Level 2.0 Transmutations


You had 6 spell levels left.
You knew the following spells:

 Your Spells              Type           Power        Failure   Level
a - Beastly Appendage     Tmut           16%          9%          1

Your spell library contained the following spells:

 Spells                   Type           Power        Failure   Level
 Wereblood                Tmut           8%           14%         2
 Spider Form              Tmut/Pois      2%           38%         3
 Ice Form                 Ice/Tmut       4%           80%         4
 Blade Hands              Tmut           4%           94%         5


Dungeon Overview and Level Annotations

Branches:
Dungeon (3/15)

Altars:
Gozag

Annotations:
D:2 1 exclusion
D:3 Ijyb


Innate Abilities, Weirdness & Mutations

You cannot wear most types of armour.
You are very stealthy in the water. (Stealth+)
You are amphibious.
You can wear up to eight rings at the same time.
You can use your tentacles to constrict eight enemies at once.
Your skin changes colour to match your surroundings (Stealth+).
Your rubbery body absorbs attacks. (AC +1, EV +1)
One of your tentacles bears a large vicious spike.


Message History

Ijyb is nearby!
Ijyb is nearby!
Ijyb zaps a wand.
Your mind is blasted!
Ouch! That really hurt!
Casting: Beastly Appendage (safe; 9% risk of failure)
Confirm with . or Enter, or press ? or * to list all spells.
One of your tentacles grows a vicious spike.
Unknown command.
It was a potion of resistance.
You feel protected.
Ijyb hits you with a +1 dagger of venom.
* * * LOW HITPOINT WARNING * * *
You are lethally poisoned!
It was a potion of attraction.
You feel attractive to monsters.
* * * LOW HITPOINT WARNING * * *
You feel sick.
Ijyb hits you with a +1 dagger of venom.
You die...
Your body crumbles into a pile of gold.

#..# #.# ##.###.#
#......# #......#
#......# ###'##.#
#..#.#
##.#.##########.#
#.#......@g....#
#.#.############
#.#.# #.#.# #.#.#
#...# ##..# #..#
#..#


You could see Ijyb.

Vanquished Creatures
  Terence (D:3)
  An adder (D:3)
  An ooze (D:1)
  5 worms
  A dart slug (D:1)
  7 goblins
  4 hobgoblins
  A quokka (D:2)
  2 bats (D:2)
  7 frilled lizards
  6 kobolds
  3 rats
39 creatures vanquished.

Notes
Turn   | Place    | Note
-------+----------+-------------------------------------------
     0 | D:1      | dickylongcocking the Octopode Transmuter began the quest
                  | for the Orb.
     0 | D:1      | Reached XP level 1. HP: 13/13 MP: 3/3
   299 | D:1      | Reached XP level 2. HP: 15/18 MP: 5/5
   827 | D:2      | Noticed a moth of wrath
   847 | D:2      | Reached skill level 4 in Unarmed Combat
  1038 | D:2      | Reached XP level 3. HP: 23/23 MP: 6/6
  1330 | D:2      | Found an opulent altar of Gozag.
  1448 | D:2      | Became a worshipper of Gozag Ym Sagoz the Greedy
  2156 | D:3      | HP: 1/23 [rat (1)]
  2468 | D:3      | Reached XP level 4. HP: 16/28 MP: 7/7
  2622 | D:3      | Noticed Terence
  2643 | D:3      | Killed Terence
  2644 | D:3      | Reached skill level 5 in Unarmed Combat
  2874 | D:3      | Noticed Ijyb
  2880 | D:3      | Slain by Ijyb

Illustrated notes

Levels and vault maps discovered:
D:1:      mrwooster_arrival_arrow, layout_basic
D:2:      layout_basic, tgw_trog, grunt_gozag_breadcrumbs, minmay_tripent
D:3:      layout_basic, uniq_jessica, uniq_ijyb, uniq_terence

Skill      XL: |  1  2  3  4 |
---------------+-------------+-----
Unarmed Combat | 4 5 |  5.0
Fighting       | |  1.5
Dodging        | |  2.0
Spellcasting   | |  2.0
Transmutations | |  2.0

Action                   |  1- 3 |  4- 6 || total
-------------------------+-------+-------++-------
Melee: Unarmed           |    81 |    19 ||   100
       Tentacles         |    13 |     2 ||    15
       Constrict         |    20 |     3 ||    23
       Punch             |     2 |       ||     2
       Kick              |     2 |     3 ||     5
 Cast: Beastly Appendage |     2 |     2 ||     4
  Use: Potion            |       |     2 ||     2
 Stab: Sleeping          |     6 |       ||     6
Armor: Skin              |     3 |     1 ||     4
Dodge: Dodged            |    40 |     9 ||    49

Table legend: (Time is in decaauts)
 A = Elapsed time spent in this place.
 B = Non-inter-level travel time spent in this place.
 C = Inter-level travel time spent in this place.
 D = Time resting spent in this place.
 E = Time spent auto-exploring this place.
 F = Levels seen in this place.
 G = Mean time per level.
                   A        B        C        D        E       F      G
               +--------+--------+--------+--------+--------+-----+--------+
         Total |   2874 |   2775 |     99 |    269 |   2173 |   3 |  958.0 |
       Dungeon |   2874 |   2775 |     99 |    269 |   2173 |   3 |  958.0 |
               +--------+--------+--------+--------+--------+-----+--------+

Top non-repeatable levels by time:
     D:2: 1608 daAuts
     D:1: 806 daAuts
     D:3: 459 daAuts
